 Dungeon Crawl Stone Soup version 0.18-a0-1497-g788d838 (webtiles) character file.

1511 milladamen the Chopper (level 8, -5/71 HPs)
             Began as a Hill Orc Fighter on Mar 4, 2016.
             Was a Follower of Beogh.
             Slain by a black bear (7 damage)
             ... created by the rage of Trog
             ... on level 6 of the Dungeon.
             The game lasted 00:24:17 (4246 turns).

milladamen the Chopper (Hill Orc Fighter)           Turns: 4246, Time: 00:24:17

Health: -5/71      AC: 17    Str: 21    XL:     8   Next: 83%
Magic:  8/8        EV:  5    Int: 11    God:    Beogh [*.....]
Gold:   396        SH: 11    Dex: 10    Spells: 0 memorised, 7 levels left

rFire  . . .     SeeInvis .     E - +1 hand axe (freeze)
rCold  . . .     Gourm    .     g - +0 plate armour
rNeg   . . .     Faith    .     c - +0 shield
rPois  .         Spirit   .     q - +1 helmet
rElec  .         Dismiss  .     (no cloak)
rCorr  .         Reflect  .     k - +0 pair of gloves
SustAt +         Harm     .     (no boots)
MR     .....                    y - amulet of regeneration
Stlth  ..........               F - +3 ring of intelligence
                                l - ring of sustain attributes

@: not resistant to hostile enchantments, extremely unstealthy
A: no striking features
a: Renounce Religion


You were on level 6 of the Dungeon.
You worshipped Beogh.
Beogh was aware of your devotion.
You were not hungry.

You visited 1 branch of the dungeon, and saw 6 of its levels.

You collected 396 gold pieces.

Inventory:

Hand Weapons
 a - a +1 war axe
 E - a +1 hand axe of freezing (weapon)
Armour
 b - a +0 scale mail
 c - a +0 shield (worn)
 g - a +0 plate armour (worn)
 k - a +0 pair of gloves (worn)
 q - a +1 helmet (worn)
Jewellery
 i - an uncursed amulet of magic regeneration
 l - a ring of sustain attributes (left hand)
 y - an amulet of regeneration (around neck)
 F - a +3 ring of intelligence (right hand)
Wands
 m - a wand of random effects (19/48)
 s - a wand of acid (3/15)
 t - a wand of iceblast (5/15)
 x - a wand of acid (7/15)
Scrolls
 o - 2 scrolls of identify
 w - a scroll of teleportation
 A - a scroll of enchant weapon
 D - 2 scrolls of recharging {unknown}
Potions
 d - 2 potions of might
 e - a potion of lignification
 h - a potion of heal wounds
 j - a potion of magic
 r - 3 potions of degeneration
 u - a potion of brilliance
 v - a potion of haste
 z - 3 potions of curing
 B - a potion of ambrosia {unknown}
 C - 2 potions of cancellation {unknown}
Comestibles
 f - 3 bread rations
 n - 3 meat rations
 p - a beef jerky
 G - 4 fruits


   Skills:
 + Level 6.4 Fighting
 + Level 7.6 Axes
 + Level 6.0 Armour
 + Level 1.2 Dodging
 + Level 0.5 Stealth
 + Level 7.5 Shields


You had 7 spell levels left.
You didn't know any spells.

Dungeon Overview and Level Annotations

Branches:
Dungeon (6/15)             Temple (0/1) D:4

Altars:
Elyvilon
Gozag
Kikubaaqudgha
Makhleb
Nemelex Xobeh
Sif Muna
Trog
Vehumet
Xom
Yredelemnul
Zin
The Shining One


Message History

You block the black bear's attack. x2
The black bear claws you but does no damage.
The black bear rages.
The black bear bites you!
* * * LOW HITPOINT WARNING * * *
The black bear claws you.
* * * LOW HITPOINT WARNING * * *
You block the black bear's attack. The polar bear bites you.
* * * LOW HITPOINT WARNING * * *
The polar bear claws you but does no damage.
The polar bear completely misses you.
The black bear bites you but does no damage.
The black bear barely misses you.
The black bear claws you but does no damage.
The black bear rages.
The polar bear bites you.
* * * LOW HITPOINT WARNING * * *
The polar bear claws you but does no damage.
The polar bear barely misses you. The black bear bites you!
You die...

.....'.........# #..).#....
...(.#........##########....'....
....##........#.........#...#....
######........#.........#...#....
..............#.........#...#....
..............#.........+...#....
............^.#.........#...#....
....##...##..##.........###+#....
....##...##..###@#########.......
.........)......hhh......#.......
............(.(..hh......#.......
..................h......#.......
....##...##..###..h.######.......
....##...#######....#............
..........#..>......#.....#######
..........#.........#.....#......
..........+.........'.....'......


You could see 3 polar bears and 4 black bears.

Vanquished Creatures
  The ghost of milladamen the Skirmisher, a novice HOFi of Beogh (D:5)
  A sky beast (D:6)
  3 ogres
  2 centaurs
  A scorpion (D:6)
  2 howler monkeys
  3 crimson imps (D:5)
  A hound (D:5)
  A jelly (D:5)
  2 orc priests (D:6)
  A giant frog skeleton (D:4)
  3 orc wizards (D:4)
  3 worker ants
  A hound skeleton (D:4)
  4 adders
  An ooze (D:3)
  An adder skeleton (D:4)
  2 worms
  4 dart slugs
  6 giant geckos
  6 orcs
  10 giant cockroaches
  8 goblins
  9 hobgoblins
  6 jackals (D:1)
  8 bats
  5 giant newts
  7 kobolds
  A quokka skeleton (D:6)
  2 rats (D:1)
105 creatures vanquished.

Vanquished Creatures (others)
  A wizard (D:5)
1 creature vanquished.

Grand Total: 106 creatures vanquished

Notes
Turn   | Place    | Note
--------------------------------------------------------------
     0 | D:1      | milladamen the Hill Orc Fighter began the quest for the Orb.
     0 | D:1      | Reached XP level 1. HP: 19/19 MP: 1/1
   119 | D:1      | Reached XP level 2. HP: 25/27 MP: 2/2
   313 | D:1      | Reached XP level 3. HP: 28/33 MP: 3/3
   558 | D:2      | Found a basalt altar of Yredelemnul.
   704 | D:2      | Found a bloodstained altar of Trog.
   718 | D:2      | Became a worshipper of Trog the Wrathful
   749 | D:2      | Reached XP level 4. HP: 32/41 MP: 4/4
  1215 | D:3      | Found an opulent altar of Gozag.
  1808 | D:4      | Reached XP level 5. HP: 37/47 MP: 5/5
  1823 | D:4      | Reached * piety under Trog
  1952 | D:4      | Reached XP level 6. HP: 18/55 MP: 6/6
  2000 | D:4      | Found an ancient bone altar of Kikubaaqudgha.
  2022 | D:4      | Found a deep blue altar of Sif Muna.
  2023 | D:4      | Found a radiant altar of Vehumet.
  2026 | D:4      | Identified Kikubaaqudgha's Incunabulum of Evil
  2091 | D:4      | Reached skill level 5 in Fighting
  2156 | D:4      | Found a staircase to the Ecumenical Temple.
  2224 | D:4      | Reached skill level 5 in Shields
  2387 | D:5      | Entered Level 5 of the Dungeon
  2427 | D:5      | Reached skill level 5 in Axes
  2537 | D:5      | Reached XP level 7. HP: 34/61 MP: 7/7
  2583 | D:5      | Fell from the grace of Trog
  2583 | D:5      | Became a worshipper of Beogh the Brigand
  2893 | D:5      | Noticed milladamen's ghost (novice HOFi)
  2932 | D:5      | Killed milladamen's ghost
  2932 | D:5      | Reached skill level 5 in Armour
  2963 | D:5      | Reached XP level 8. HP: 41/70 MP: 8/8
  3184 | D:5      | Found a bloodstained altar of Trog.
  3341 | D:5      | Found a shimmering altar of Xom.
  3523 | D:5      | Noticed a wizard
  3526 | D:5      | Killed a wizard
  3705 | D:6      | Found a sparkling altar of Nemelex Xobeh.
  3798 | D:6      | Reached skill level 1 in Dodging
  3811 | D:6      | Found a white marble altar of Elyvilon.
  3812 | D:6      | Found a glowing golden altar of the Shining One.
  3813 | D:6      | Found a glowing silver altar of Zin.
  4001 | D:6      | Reached * piety under Beogh
  4186 | D:6      | Found a burning altar of Makhleb.
  4234 | D:6      | Noticed a polar bear
  4234 | D:6      | Noticed a polar bear
  4234 | D:6      | Noticed a polar bear
  4245 | D:6      | HP: 3/71 [polar bear[the rage of Trog] (6)]
  4246 | D:6      | Slain by a black bear

Vault maps used:
D:1:      onia_arrival_pyramid
D:2:      nicolae_overflow_crystal_walls, lemuel_doored_altar,
          nrook_mini_backslash
D:3:      nicolae_gozag_cash_rules_everything_around_me, feat_on_display,
          uniq_crazy_yiuf_cottage
D:4:      grunt_temple_overflow_magic_moments, temple_green, first_bread,
          kennysheep_generic_room_8
D:5:      led_xom_imps, trog_wizard
D:6:      kennysheep_windowed_halls, good_gods_temple_1, lemuel_crystal_altar,
          kennysheep_little_box

Skill      XL: |  1  2  3  4  5  6  7  8 |
---------------+-------------------------+-----
Fighting       | 4 5 6 |  6.4
Axes           | 3 4 5 6 7 |  7.6
Armour         | 4 5 6 |  6.0
Shields        | 4 5 6 7 |  7.5
Dodging        | 1 |  1.2
Stealth        | |  0.5

Action                   |  1- 3 |  4- 6 |  7- 9 || total
-------------------------+-------+-------+-------++-------
Melee: War axe           |   122 |   218 |   168 ||   508
       Hand axe          |       |       |    41 ||    41
Invok: Burn Spellbooks   |       |     2 |       ||     2
       Convert to Beogh  |       |       |     1 ||     1
  Use: Scroll            |     4 |     8 |     7 ||    19
  Eat: Chunk             |       |     3 |     3 ||     6
       Royal jelly       |       |     1 |       ||     1
       Meat ration       |       |       |     1 ||     1
